 Dungeon Crawl Stone Soup version 0.29.1-4-g47bece8355 (webtiles) character file.

Game seed: 18160946016462219917

53 arthad the Grasshopper (level 3, -4/31 HPs)
             Began as a Gnoll Warper on Dec 3, 2022.
             Slain by a gnoll
             ... wielding a +0 flail
              (8 damage)
             ... on level 2 of the Dungeon.
             The game lasted 00:02:40 (1442 turns).

arthad the Grasshopper (Gnoll Warper)               Turns: 1442, Time: 00:02:40

Health: -4/31      AC:  3    Str:  9 (12) XL:     3   Next: 89%
Magic:  8/8        EV: 12    Int:  8 (10) God:
Gold:   70         SH:  0    Dex:  9 (11) Spells: 12/12 levels left

rFire   . . .      SeeInvis .   a - +0 spear
rCold   . . .      Faith    .   (no shield)
rNeg    . . .      Spirit   .   b - +0 leather armour
rPois   .          Reflect  .   (no helmet)
rElec   .          Harm     .   (no cloak)
rCorr   .          Rampage  .   (no gloves)
Will    .....                   (no boots)
Stlth   +.........              (no amulet)
HPRegen 0.10/turn               (no ring)
MPRegen 0.11/turn               (no ring)

@: brilliant
A: fangs 1, strong nose, distributed training, dopey 1, low MP 1, wild magic 1
a: no special abilities


You were on level 2 of the Dungeon.
You visited 1 branch of the dungeon, and saw 2 of its levels.

You collected 70 gold pieces.

Inventory:

Hand Weapons
 a - a +0 spear (weapon)
 m - a +0 short sword of electrocution
Missiles
 d - 7 boomerangs of dispersal (quivered)
Armour
 b - a +0 leather armour (worn)
Scrolls
 c - a scroll of blinking
 e - 3 scrolls of identify
 i - a scroll of butterflies
 j - 2 scrolls of magic mapping {unknown}
Potions
 g - a potion of curing


   Skills:
 + Level 4.6 Fighting
 + Level 1.0 Short Blades
 + Level 1.0 Long Blades
 + Level 1.0 Axes
 + Level 1.0 Maces & Flails
 + Level 4.6 Polearms
 + Level 1.0 Staves
 + Level 1.0 Ranged Weapons
 + Level 2.7 Throwing
 + Level 2.7 Armour
 + Level 4.6 Dodging
 + Level 1.0 Stealth
 + Level 1.0 Shields
 + Level 1.0 Unarmed Combat
 + Level 5.0 Spellcasting
 + Level 0.7 Conjurations
 + Level 0.7 Hexes
 + Level 0.7 Summonings
 + Level 0.7 Necromancy
 + Level 5.4 Translocations
 + Level 0.7 Transmutations
 + Level 0.7 Fire Magic
 + Level 0.7 Ice Magic
 + Level 0.7 Air Magic
 + Level 0.7 Earth Magic
 + Level 0.7 Poison Magic
 + Level 1.1 Invocations
 + Level 1.0 Evocations


You had 12 spell levels left.
You didn't know any spells.
Your spell library contained the following spells:

 Spells                   Type           Power      Damage    Failure   Level
 Blink                    Tloc           40%        N/A       10%         2
 Gell's Gravitas          Tloc           20%        N/A       17%         3
 Lesser Beckoning         Tloc           20%        N/A       17%         3
 Teleport Other           Tloc           20%        N/A       17%         3
 Magic Dart               Conj           24%        1d4       34%         1
 Call Imp                 Summ           6%         N/A       45%         2
 Poisonous Vapours        Pois/Air       12%        N/A       45%         2
 Mephitic Cloud           Conj/Pois/Air  6%         N/A       69%         3
 Manifold Assault         Tloc           20%        N/A       78%         5
 Corpse Rot               Necr/Pois/Air  6%         N/A       97%         4
 Petrify                  Tmut/Erth      6%         N/A       97%         4
 Metabolic Englaciation   Hex/Ice        3%         N/A       100%        5
 Statue Form              Tmut/Erth      4%         N/A       100%        6


Dungeon Overview and Level Annotations

Branches:
Dungeon (2/15)

Altars:


Innate Abilities, Weirdness & Mutations

You have very sharp teeth.
Your uncanny sense of smell can sniff out nearby items.
Your experience applies equally to all skills.
You are dopey. (Int -2)
Your magical capacity is low. (-10% MP)
Your spells are a little harder to cast, but a little more powerful.


Message History

The gnoll closely misses you.
It was a potion of curing.
You feel better. The gnoll hits you with a +0 club!
It was a potion of brilliance.
You feel clever all of a sudden. The gnoll hits you with a +0 club.
It was a potion of mutation.
You feel extremely strange.
You feel less energetic.
You feel stupid.
You feel less in control of your magic. The gnoll hits you with a +0 club.
* * * LOW HITPOINT WARNING * * *
Unknown command.
Okay, then.
As you read the scroll labelled GUERAC JEMPEUS, it crumbles to dust.
It is a scroll of identify.
i - a scroll of butterflies The gnoll barely misses you.
You hit the gnoll but do no damage. Your bite misses the gnoll.
The gnoll is heavily wounded.
The gnoll attacks as you move away! The gnoll hits you with a +0 club.
* * * LOW HITPOINT WARNING * * *
You feel much better. The gnoll attacks as you move away!
The gnoll barely misses you.
You barely miss the gnoll. Your bite misses the gnoll.
The gnoll hits you with a +0 flail!
You hit the gnoll but do no damage. You bite the gnoll, but do no damage.
The gnoll barely misses you.
You hit the gnoll. You bite the gnoll, but do no damage.
The gnoll is lightly wounded.
The gnoll hits you with a +0 flail.
You hit the gnoll.
The gnoll is heavily wounded.
The gnoll hits you with a +0 flail!
You barely miss the gnoll.
The gnoll is heavily wounded.
The gnoll hits you with a +0 flail.
* * * LOW HITPOINT WARNING * * *
You hit the gnoll.
The gnoll is severely wounded.
The gnoll hits you with a +0 flail!
You die...

#........ .#.
#.......# ....# ..
........# .... ..
#.......# ..###.
#w......########.##..
#)....).#......#.##..
#.# #......#..#(.
#g#######......#...>.
#ggg@...............#
#########......#.#.##
#......#.#.##
#......#.#.##
#......#.#.##
########.#...
#..........
#.#........
#...###'###


You could see 4 gnolls.

Vanquished Creatures
  2 adders (D:2)
  A ball python (D:1)
  4 endoplasms (D:1)
  3 goblins (D:1)
  6 hobgoblins (D:1)
  5 bats (D:1)
  2 frilled lizards
  5 kobolds (D:1)
  8 rats
36 creatures vanquished.

Notes
Turn   | Place    | Note
-------+----------+-------------------------------------------
     0 | D:1      | arthad the Gnoll Warper began the quest for the Orb.
     0 | D:1      | Reached XP level 1. HP: 20/20 MP: 6/6
    61 | D:1      | Reached XP level 2. HP: 16/26 MP: 7/7
   609 | D:1      | Reached skill level 5 in Spellcasting
   609 | D:1      | Reached XP level 3. HP: 30/31 MP: 7/9
  1119 | D:1      | Reached skill level 1 in Invocations
  1294 | D:2      | Reached skill level 1 in Short Blades
  1294 | D:2      | Reached skill level 1 in Long Blades
  1294 | D:2      | Reached skill level 1 in Axes
  1294 | D:2      | Reached skill level 1 in Maces & Flails
  1294 | D:2      | Reached skill level 1 in Staves
  1294 | D:2      | Reached skill level 1 in Ranged Weapons
  1294 | D:2      | Reached skill level 1 in Stealth
  1294 | D:2      | Reached skill level 1 in Shields
  1294 | D:2      | Reached skill level 1 in Unarmed Combat
  1294 | D:2      | Reached skill level 1 in Evocations
  1430 | D:2      | Gained mutation: Your magical capacity is low. (-10% MP)
                  | [potion of mutation]
  1430 | D:2      | Gained mutation: You are dopey. (Int -2) [potion of
                  | mutation]
  1430 | D:2      | Gained mutation: Your spells are a little harder to cast,
                  | but a little more powerful. [potion of mutation]
  1442 | D:2      | Slain by a gnoll

Illustrated notes

Levels and vault maps discovered:
D:1:      spicycebolla_arrival_ecumenical, layout_basic, minmay_pentomino_z4
D:2:      layout_basic, minmay_box_of_dots

Skill      XL: |  1  2  3 |
---------------+----------+-----
Spellcasting   | 5 |  5.0
Invocations    | 1 |  1.1
Short Blades   | 1 |  1.0
Long Blades    | 1 |  1.0
Axes           | 1 |  1.0
Maces & Flails | 1 |  1.0
Staves         | 1 |  1.0
Ranged Weapons | 1 |  1.0
Stealth        | 1 |  1.0
Shields        | 1 |  1.0
Unarmed Combat | 1 |  1.0
Evocations     | 1 |  1.0
Fighting       | |  4.6
Polearms       | |  4.6
Throwing       | |  2.7
Armour         | |  2.7
Dodging        | |  4.6
Conjurations   | |  0.7
Hexes          | |  0.7
Summonings     | |  0.7
Necromancy     | |  0.7
Translocations | |  5.4
Transmutations | |  0.7
Fire Magic     | |  0.7
Ice Magic      | |  0.7
Air Magic      | |  0.7
Earth Magic    | |  0.7
Poison Magic   | |  0.7

Action                   || total
-------------------------++-------
Melee: Spear             ||   168
       Bite              ||    17
       Punch             ||     1
  Use: Potion            ||     5
       Scroll            ||     1
 Stab: Sleeping          ||     1
Armor: Leather armour    ||    33
Dodge: Dodged            ||    76
